[Event "Dalheimers Hus Rapid Open"]
[Site "Dalheimers Hus, Slottsskogsgatan 12, Gothenburg, Sweden"]
[Date "2024.04.14"]
[Round "5.3"]
[White "Cramling, Pia"]
[Black "Olsson, William"]
[Result "0-1"]
[TimeControl "15 minutes + 5 seconds per move from move one."]
[WhiteTitle "GM"]
[BlackTitle "FM"]
[WhiteFideId "1700030"]
[BlackFideId "1741721"]
[WhiteElo "2377"]
[BlackElo "2159"]

1. d4 d5 2. c4 c6 3. Nf3 Nf6 4. Qc2 dxc4 5. Qxc4 Bg4 6. Nbd2 e6 7. g3 Nbd7 8. Bg2 Be7 9. O-O O-O 10.
Qb3 b5 11. a4 a6 12. h3 Bh5 13. g4 Bg6 14. Nh4 Qb6 15. Nxg6 hxg6 16. Nf3 Rac8 17. axb5 axb5 18. Bd2 c5 19.
Ra5 b4 20. Qa4 cxd4 21. Rb5 Qd8 22. Bxb4 Nc5 23. Bxc5 Bxc5 24. Ne5 Qd6 25. Nd3 Bb6 26. Qb4 Bc7 27. Qxd6 Bxd6 28. Ra1 Rb8 29.
Rxb8 Rxb8 30. Ra6 Bf8 31. Ra4 e5 32.
Nxe5 Rxb2 33. Bf3 Bd6 34. Nd3 Rb1+ 35. Kg2 g5 36. Rxd4 Rb6 37. Ra4 g6 38. Ra5 Nh7 39. Bd5 Bb8 40.
Ba2 Kg7 41. Nc5 Rb2 42. Nd7 Bd6 43. Bc4 Rb7 44. Bb5 Bb4 45. Bc6 Rxd7 46. Rb5 Rc7 47. Be4 Be7 48. Bd3 Nf8 49. e3 Ne6 50. Rb2 Bf6 51. Ra2 Nc5 52. Be2 Rb7 53. Bf3 Rb2 54. Ra7 Nd3 55.
Bd5 Rxf2+ 56. Kg1 Be5 57. Bc4 Bh2+ 58. Kh1 Ne5 59. Ba2 Bg3 60. Bd5 Re2 61. Ra3 Bf2 62. Kg2 Rxe3 0-1

[Event "Dalheimers Hus Rapid Open"]
[Site "Dalheimers Hus, Slottsskogsgatan 12, Gothenburg, Sweden"]
[Date "2024.04.14"]
[Round "5.4"]
[White "Storme, Isak"]
[Black "Svensson, Bengt"]
[Result "0-1"]
[TimeControl "15 minutes + 5 seconds per move from move one."]
[WhiteTitle "IM"]
[BlackTitle "IM"]
[WhiteFideId "1728113"]
[BlackFideId "1700200"]
[WhiteElo "2352"]
[BlackElo "2281"]

1. e4 c5 2. Nf3 d6 3. Bb5+ Bd7 4. Bxd7+ Qxd7 5. c4 Nf6 6. Nc3 g6 7. d4 cxd4 8. Nxd4 Bg7 9. f3 O-O 10.
Be3 Nc6 11. O-O Rac8 12. b3 a6 13. a4 e6 14. Rc1 Rfd8 15. Nxc6 bxc6 16. a5 c5 17. Na4 Rb8 18. Nb6 Qc6 19.
Qc2 Nd7 20. Nxd7 Rxd7 21. Rfd1 Bd4 22. Qd3 e5 23. Kf1 Kg7 24. Rb1 Rdb7 25. Bd2 Qd7 26. Re1 Qe7 27. Be3 Qc7 28. Bd2 Qe7 29.
g3 Qe6 30. Kg2 h5 31. h3 f5 32. exf5 gxf5 33. Be3 Qg6 34. Bxd4 cxd4 35. f4 Re7 36. c5 dxc5 37. Rxe5 Rxe5 38.
fxe5 h4 39. Rc1 Qxg3+ 40.
Qxg3+ hxg3 41. Kxg3 Rxb3+ 42. Kf4 Rc3 43. Rb1 d3 44. Kxf5 d2 45. Rb7+ Kf8 46. Rd7 Rf3+ 47. Ke6 Rf2 48.
Rd8+ Kg7 49. Rd7+ Kg6 50. Ke7 c4 51.
Rd6+ Kg7 52. e6 c3 53. Kd8 c2 54.
Rd7+ Kh6 55. e7 Re2 56. Rd6+ Kh7 57.
Rd7 Kh6 58. Rd6+ Kh5 59. Rd5+ Kh4 60.
Rd4+ Kxh3 61. Rd3+ Kh2 0-1

[Event "Dalheimers Hus Rapid Open"]
[Site "Dalheimers Hus, Slottsskogsgatan 12, Gothenburg, Sweden"]
[Date "2024.04.14"]
[Round "5.5"]
[White "Ruonala, Robert"]
[Black "Seo, Jung Min"]
[Result "0-1"]
[TimeControl "15 minutes + 5 seconds per move from move one."]
[BlackTitle "IM"]
[WhiteFideId "1724703"]
[BlackFideId "1734687"]
[WhiteElo "2044"]
[BlackElo "2450"]

1. e4 c5 2. Nf3 d6 3. d4 cxd4 4. c3 dxc3 5. Nxc3 Nc6 6.
Bc4 a6 7. O-O Nf6 8. Qe2 Bg4 9. Rd1 e6 10. Bf4 Be7 11. h3 Bxf3 12. Qxf3 Qa5 13. Qe2 Rd8 14. g4 O-O 15. a3 Nd7 16.
Bxd6 Bxd6 17. Rxd6 Nde5 18. Rad1 Rxd6 19. Rxd6 Qc5 0-1

[Event "Dalheimers Hus Rapid Open"]
[Site "Dalheimers Hus, Slottsskogsgatan 12, Gothenburg, Sweden"]
[Date "2024.04.14"]
[Round "5.6"]
[White "Sjoholm, Emil"]
[Black "Winsnes, Rikard"]
[Result "1/2-1/2"]
[TimeControl "15 minutes + 5 seconds per move from move one."]
[BlackTitle "IM"]
[WhiteFideId "1720449"]
[BlackFideId "1700430"]
[WhiteElo "2016"]
[BlackElo "2352"]

1. e4 c5 2. Nf3 d6 3. d4 cxd4 4. Nxd4 Nf6 5. Nc3 g6 6. Be3 Bg7 7. f3 Nc6 8. Qd2 O-O 9. Bc4 Nxd4 10.
Bxd4 Be6 11. Bxe6 fxe6 12. O-O-O Qa5 13. Kb1 b5 14. h4 b4 15. Ne2 Rfd8 16. h5 Nxh5 17. Bxg7 Nxg7 18. Qh6 Kf7 19.
Qf4+ Kg8 20. Qh6 Kf7 21. Qxh7 Qg5 22. Nd4 Qf6 23. g4 Rh8 24. Qxh8 Rxh8 25. Rxh8 Nf5 26. Rdh1 Qxd4 27. gxf5 exf5 28.
exf5 gxf5 29. R8h7+ Kf8 30.
Re1 e5 31. b3 a5 32. Reh1 e4 33.
fxe4 fxe4 34. Rf1+ Ke8 35. Rff7 e3 36. Rb7 Qd1+ 37. Kb2 Qd4+ 38. Kb1 Qd1+ 39. Kb2 Qd4+ 40. Kb1 Qd1+ 41. Kb2 1/2-1/2

[Event "Dalheimers Hus Rapid Open"]
[Site "Dalheimers Hus, Slottsskogsgatan 12, Gothenburg, Sweden"]
[Date "2024.04.14"]
[Round "5.7"]
[White "Andreasson, Ingvar"]
[Black "Zachrisson, Mattias"]
[Result "1-0"]
[TimeControl "15 minutes + 5 seconds per move from move one."]
[WhiteFideId "1700294"]
[BlackFideId "1708384"]
[WhiteElo "2323"]
[BlackElo "2107"]

1. d4 Nf6 2. Nf3 g6 3. Nc3 d5 4. Bf4 Bg7 5. e3 Nh5 6. Be5 f6 7.
Bg3 O-O 8. Be2 Nxg3 9. hxg3 c6 10. e4 Bg4 11. Qd2 dxe4 12.
Nxe4 Bxf3 13. Bc4+ Kh8 14. gxf3 b5 15. Bb3 Nd7 16. O-O-O g5 17. Nxg5 fxg5 18. Rxh7+ Kxh7 19. Qd3+ e5 1-0

[Event "Dalheimers Hus Rapid Open"]
[Site "Dalheimers Hus, Slottsskogsgatan 12, Gothenburg, Sweden"]
[Date "2024.04.14"]
[Round "5.8"]
[White "Lejhall, Jens"]
[Black "Rydstrom, Tom"]
[Result "0-1"]
[TimeControl "15 minutes + 5 seconds per move from move one."]
[BlackTitle "FM"]
[WhiteFideId "1708864"]
[BlackFideId "1714830"]
[WhiteElo "1971"]
[BlackElo "2313"]

1. c4 e5 2. g3 h5 3. h4 Nc6 4. Bg2 Bc5 5. Nf3 d6 6. Nc3 a6 7. d3 Bg4 8. Nd5 Nge7 9.
Bg5 f6 10. Be3 Qd7 11. a3 Bxe3 12. Nxe3 Be6 13.
b4 d5 14. cxd5 Nxd5 15. Nxd5 Bxd5 16. Bh3 Be6 17. Bxe6 Qxe6 18. O-O g5 19. Rb1 gxh4 20. Nxh4 O-O-O 21. b5 axb5 22. Rxb5 Rhg8 23. Qa4 Rd4 24.
Qa8+ Kd7 25. Qxb7 Rxh4 26. e4 Qh3 27. Rd5+ Ke7 28. Qxc7+ Kf8 29.
Qd6+ Ne7 30. Qd8+ Kf7 31. Qxg8+ Kxg8 32. Rd8+ Kf7 33. gxh4 Ng6 34. f3 Qg3+ 35. Kh1 Nf4 36. Re8 Kxe8 0-1

[Event "Dalheimers Hus Rapid Open"]
[Site "Dalheimers Hus, Slottsskogsgatan 12, Gothenburg, Sweden"]
[Date "2024.04.14"]
[Round "5.9"]
[White "Hamark, Jesper"]
[Black "Borvander, Tom"]
[Result "0-1"]
[TimeControl "15 minutes + 5 seconds per move from move one."]
[WhiteFideId "1704338"]
[BlackFideId "1707388"]
[WhiteElo "2301"]
[BlackElo "2081"]

1. e4 e5 2. Nf3 Nc6 3. d4 exd4 4. Bc4 Nf6 5. e5 d5 6. Bb5 Ne4 7. Nxd4 Bd7 8. Bxc6 bxc6 9. O-O Bc5 10.
f3 Ng5 11. f4 Ne4 12. Be3 Bb6 13. Nd2 Nxd2 14. Qxd2 c5 15. Nf3 Bf5 16. Rad1 c6 17. c4 d4 18. Bf2 Ba5 19. Qc1 h6 20. h3 Qd7 21. Bh4 Bd8 22.
Bg3 a5 23. Bh2 h5 24. e6 Bxe6 25. Ne5 Qc8 26. f5 Bd7 27. Rde1 Kf8 28. Qf4 Bf6 29. Nd3 Kg8 30. Re2 h4 31.
Nxc5 Rh5 32. Ne4 Rxf5 33. Nxf6+ Rxf6 34. Qxh4 Rxf1+ 35. Kxf1 d3 36. Rd2 Bf5 37.
Bf4 Qe6 38. b3 a4 39. Kg1 axb3 40. axb3 f6 41. Qg3 Ra1+ 42.
Kh2 Kf7 43. Qf2 Re1 44. b4 Rb1 45.
Qc5 g5 46. Bg3 Rc1 47. b5 cxb5 48. Qa7+ Kg6 49. cxb5 Rb1 50. Qc5 Qb3 51. Qf8 Qf7 52. Qc5 Qb7 53. Rf2 Rxb5 54. Qf8 Qf7 55.
Qd8 Rd5 56. Qh8 d2 57. h4 d1=Q 0-1

[Event "Dalheimers Hus Rapid Open"]
[Site "Dalheimers Hus, Slottsskogsgatan 12, Gothenburg, Sweden"]
[Date "2024.04.14"]
[Round "5.10"]
[White "Svenn, Gosta"]
[Black "Kallen, Jonas"]
[Result "0-1"]
[TimeControl "15 minutes + 5 seconds per move from move one."]
[WhiteTitle "FM"]
[WhiteFideId "1700553"]
[BlackFideId "1712896"]
[WhiteElo "2280"]
[BlackElo "2021"]

1. d4 d5 2. c4 c6 3. Nf3 Nf6 4. e3 Bf5 5. Nc3 e6 6. Nh4 Be4 7. f3 Bg6 8. Qb3 Qb6 9. Nxg6 hxg6 10.
Bd2 Nbd7 11. Be2 Bd6 12. f4 O-O 13. O-O-O Qxb3 14. axb3 Bb4 15. Bf3 a5 16. g4 Rfc8 17. g5 Ne8 18.
h4 b5 19. c5 a4 20. Kc2 Bxc3 21. Bxc3 a3 22. bxa3 Rxa3 23. h5 gxh5 24. Rh2 h4 25. Rxh4 g6 26. Rh6 Nf8 27. e4 Nc7 28.
f5 gxf5 29. exf5 Ra2+ 30. Bb2 b4 31. Rdh1 Nb5 32. Kb1 Rca8 33. Rh8+ Kg7 34. f6+ Kg6 35. Rg8+ Kf5 0-1

[Event "Dalheimers Hus Rapid Open"]
[Site "Dalheimers Hus, Slottsskogsgatan 12, Gothenburg, Sweden"]
[Date "2024.04.14"]
[Round "5.11"]
[White "Johansson, Gunnar"]
[Black "Wellevit, Tomas"]
[Result "0-1"]
[TimeControl "15 minutes + 5 seconds per move from move one."]
[WhiteFideId "1700715"]
[BlackFideId "1731963"]
[WhiteElo "2186"]
[BlackElo "1978"]

1. e4 e6 2. Nc3 c5 3. Nf3 Nc6 4. d4 cxd4 5. Nxd4 a6 6. Be3 Bb4 7. Nxc6 bxc6 8. Qd4 Bf8 9. Be2 Ne7 10.
O-O Ng6 11. Na4 Rb8 12. c4 e5 13. Qd2 Bb4 14. Qc2 O-O 15. g3 d5 16. Rad1 d4 17. c5 Qe7 18. Bc1 Bh3 19. a3 Bxf1 20.
Bxf1 Ba5 21. Bxa6 h5 22. b4 Bc7 23. Bc4 h4 24. Qe2 Rfd8 25. Qh5 Kf8 26. Nb2 hxg3 27. hxg3 Ra8 28. Nd3 Qe8 29. Bg5 Rxa3 30. Kg2 Rc3 31. Rh1 f6 32. Nxe5 Bxe5 0-1

[Event "Dalheimers Hus Rapid Open"]
[Site "Dalheimers Hus, Slottsskogsgatan 12, Gothenburg, Sweden"]
[Date "2024.04.14"]
[Round "6.1"]
[White "Svensson, Bengt"]
[Black "Johansson, Linus"]
[Result "1/2-1/2"]
[TimeControl "15 minutes + 5 seconds per move from move one."]
[WhiteTitle "IM"]
[BlackTitle "IM"]
[WhiteFideId "1700200"]
[BlackFideId "1711113"]
[WhiteElo "2281"]
[BlackElo "2427"]

1. e4 c5 2. Nf3 d6 3. d4 cxd4 4. Nxd4 Nf6 5. Nc3 a6 6. Bg5 e6 7. f4 Nbd7 8. Qf3 Qc7 9. O-O-O Be7 10. g4 h6 11. Bxf6 Bxf6 12. h4 Nb6 13. g5 Bxd4 14. Rxd4 Bd7 15.
gxh6 Rxh6 16. Be2 Qc5 17. Rd2 Na4 18. Nxa4 Bxa4 19.
h5 Bb5 20. a3 Bxe2 21. Rxe2 O-O-O 22. Re3 Kb8 23. Rc3 Qb5 24. Rb3 Qc6 25. Rc3 Qd7 26. Qg2 g6 27. hxg6 Rxg6 28. Qf2 Rc8 29. Rxc8+ Qxc8 30. Qb6 d5 31.
exd5 exd5 32. Qd4 Rd6 33. Rh8 Rd8 34. Rxd8 Qxd8 35. Kb1 Qc7 36. Qh8+ Ka7 37. Qd4+ Kb8 38. Qh8+ 1/2-1/2

[Event "Dalheimers Hus Rapid Open"]
[Site "Dalheimers Hus, Slottsskogsgatan 12, Gothenburg, Sweden"]
[Date "2024.04.14"]
[Round "6.2"]
[White "Olsson, William"]
[Black "Andreasson, Ingvar"]
[Result "1-0"]
[TimeControl "15 minutes + 5 seconds per move from move one."]
[WhiteTitle "FM"]
[WhiteFideId "1741721"]
[BlackFideId "1700294"]
[WhiteElo "2159"]
[BlackElo "2323"]

1. c4 c6 2. Nf3 g6 3. Nc3 Bg7 4. d4 Nf6 5. e4 d6 6. g3 O-O 7. Bg2 e5 8. O-O exd4 9. Nxd4 Re8 10.
h3 Nbd7 11. Be3 a5 12. Qc2 Nc5 13. Rad1 Qe7 14. Rfe1 h5 15. Bf4 Nfd7 16. b3 Ne5 17. Bc1 a4 18. f4 axb3 19. axb3 Ned7 20. Nde2 Nf6 21. Nd4 Nfd7 22. Be3 Nf8 23.
Bf2 Nfe6 24. Nde2 Qc7 25. b4 Nd7 26. Qb3 h4 27. g4 g5 28. fxg5 Nxg5 29. Bxh4 Ne6 30. Bf2 Ne5 31. Be3 Ng6 32. Ng3 Be5 33. Nf5 Nef4 34. Bd4 Bxf5 35. Bxe5 Nxe5 36. exf5 Qb6+ 37. c5 dxc5 38. Na4 Rxa4 39. Qxa4 c4+ 40. Kf1 Nfd3 41. Re2 Qd4 42. Qc2 Qf4+ 43. Kg1 Qg3 44. Kh1 Nf4 45.
Qd2 Nxg2 46. Rxg2 Qxh3+ 47. Rh2 Qf3+ 48. Kg1 Nxg4 49. Qg5+ 1-0

[Event "Dalheimers Hus Rapid Open"]
[Site "Dalheimers Hus, Slottsskogsgatan 12, Gothenburg, Sweden"]
[Date "2024.04.14"]
[Round "6.3"]
[White "Seo, Jung Min"]
[Black "Brzezinski, Adam"]
[Result "1-0"]
[TimeControl "15 minutes + 5 seconds per move from move one."]
[WhiteTitle "IM"]
[WhiteFideId "1734687"]
[BlackFideId "1710460"]
[WhiteElo "2450"]
[BlackElo "2111"]

1. e4 e6 2. d4 d5 3. e5 c5 4. c3 Qb6 5. Nf3 Nc6 6. a3 c4 7. Nbd2 Na5 8. h4 Bd7 9. g3 Ne7 10. Rb1 Qc7 11. Bh3 h6 12. Nf1 O-O-O 13. Bf4 Kb8 14. N3d2 Nc8 15. Ne3 Nb6 16.
h5 Be7 17. Qe2 Ba4 18. O-O Qc6 19. g4 Qe8 20. Bg3 Qg8 21. f4 g6 22. Kh2 gxh5 23. gxh5 Qh7 24. f5 Bd7 25. Nf3 Bg5 26. Nxg5 hxg5 27. Bg4 Nc8 28. Nxd5 exd5 29. e6+ Ka8 30. exd7 Rxd7 31. f6 Rdd8 32.
Rbe1 Nc6 33. Rf5 Nd6 34. Rxd5 Rde8 35. Be5 Nf5 36. Qe4 Nh6 37. Qxh7 Rxh7 38. Bd1 Ng8 39. Rf1 a6 40. a4 Ka7 41.
Rc5 Rh6 42. Rf5 Re6 43. Rxg5 Nxf6 44. Bxf6 Rexf6 45. Rxc4 Rf2+ 46. Rg2 Rf1 47. Be2 Re1 48. d5 Ne5 49. Re4 f6 50. b4 Kb6 51.
c4 Nf7 52. Re6+ Ka7 53. Rg6 Rh7 54. Rgxf6 Ng5 55. Re5 Rxh5+ 56. Bxh5 Rxe5 57. Bg4 Re1 58. Rg6 Nf7 59. Rg7 Ne5 60. Bc8 Rc1 61. c5 Rc4 62. Rxb7+ Ka8 63. d6 Nc6 64. b5 axb5 65.
axb5 Ne5 66. Rc7 Kb8 67. b6 Rh4+ 68. Kg3 Rh8 69. Bf5 Rf8 70. d7 1-0

[Event "Dalheimers Hus Rapid Open"]
[Site "Dalheimers Hus, Slottsskogsgatan 12, Gothenburg, Sweden"]
[Date "2024.04.14"]
[Round "6.4"]
[White "Hellers, Ferdinand"]
[Black "Borvander, Tom"]
[Result "1-0"]
[TimeControl "15 minutes + 5 seconds per move from move one."]
[WhiteTitle "GM"]
[WhiteFideId "1700022"]
[BlackFideId "1707388"]
[WhiteElo "2410"]
[BlackElo "2081"]

1. e4 e5 2. Nf3 Nc6 3. Bb5 a6 4. Ba4 Nf6 5. O-O b5 6. Bb3 Bc5 7. c3 d6 8. d4 Bb6 9. Be3 O-O 10. Nbd2 h6 11. h3 Re8 12.
Re1 Bb7 13. d5 Ne7 14. Bxb6 cxb6 15. a4 bxa4 16. Bxa4 Rf8 17. Bc2 Ng6 18. Bd3 Nd7 19. b4 Qc7 20. Rc1 a5 21. g3 Ba6 22.
Bxa6 Rxa6 23. Qa4 Rfa8 24. Qc6 Rc8 25.
Nc4 Ra7 26. Qxc7 Raxc7 27. Nxd6 Ra8 28. Nb5 Rcc8 29. Nd2 axb4 30. cxb4 Rxc1 31. Rxc1 Ra2 32. Nc4 Nf6 33. Nc3 Ra6 34.
b5 Ra7 35. Nxb6 Rc7 36. Nba4 Nxe4 37. b6 1-0

[Event "Dalheimers Hus Rapid Open"]
[Site "Dalheimers Hus, Slottsskogsgatan 12, Gothenburg, Sweden"]
[Date "2024.04.14"]
[Round "6.5"]
[White "Rydstrom, Tom"]
[Black "Sigurgeirson, Brjann"]
[Result "1/2-1/2"]
[TimeControl "15 minutes + 5 seconds per move from move one."]
[WhiteTitle "FM"]
[WhiteFideId "1714830"]
[BlackFideId "1712497"]
[WhiteElo "2313"]
[BlackElo "2103"]

1. e4 c5 2. Nf3 d6 3.
d4 cxd4 4. Nxd4 Nf6 5. Nc3 g6 6. Be3 Bg7 7. f3 Nc6 8. Bc4 Qb6 9. Nf5 Qxb2 10.
Nxg7+ Kf8 11. Nd5 Kxg7 12. O-O Be6 13. Rb1 Qa3 14. Qd2 Rhc8 15. Bb3 Bxd5 16. exd5 Ne5 17. Rfe1 a5 18. Bd4 a4 19.
f4 axb3 20. fxe5 dxe5 21. Rxb3 Qxa2 22.
Rb2 Qxd5 23. Be3 Qxd2 24. Bxd2 e4 25. h3 Rc7 26. Bf4 Rd7 27. Be5 Rc8 28. Rxe4 Rd1+ 29. Kh2 Rd2 30. Rxb7 Rcxc2 31. Rxe7 Rxg2+ 32. Kh1 Rgf2 33. Re1 g5 34. h4 Kg6 35. hxg5 Kxg5 36. Rxf7 Ng4 37. Rg7+ Kf5 38. Rf7+ Kg5 39.
Rg7+ Kf5 40. Rxh7 Nxe5 41. Rh5+ Kf4 42. Rhxe5 Rh2+ 43. Kg1 Rcg2+ 44. Kf1 Rf2+ 45. Kg1 1/2-1/2

[Event "Dalheimers Hus Rapid Open"]
[Site "Dalheimers Hus, Slottsskogsgatan 12, Gothenburg, Sweden"]
[Date "2024.04.14"]
[Round "6.6"]
[White "Mohammadi, Amir"]
[Black "Kallen, Jonas"]
[Result "1-0"]
[TimeControl "15 minutes + 5 seconds per move from move one."]
[WhiteFideId "1705890"]
[BlackFideId "1712896"]
[WhiteElo "2275"]
[BlackElo "2021"]

1. e4 e5 2. d4 exd4 3. Qxd4 Nc6 4. Qe3 Nf6 5. Bd2 d6 6. Nc3 Be7 7. O-O-O Be6 8. Qg3 Nh5 9. Qf3 Nf6 10. h3 Ne5 11.
Qg3 Ng6 12. Be2 Qd7 13. f4 O-O-O 14. f5 Bxf5 15. exf5 Qxf5 16. Nf3 Kb8 17. Nd4 Qc8 18. Rhf1 a6 19. Qf2 Rhe8 20. Rfe1 d5 21.
Nf5 Bf8 22. g4 c5 23. Bf3 d4 24. Ne4 Nd5 25. Ned6 Bxd6 26. Rxe8 1-0

[Event "Dalheimers Hus Rapid Open"]
[Site "Dalheimers Hus, Slottsskogsgatan 12, Gothenburg, Sweden"]
[Date "2024.04.14"]
[Round "6.7"]
[White "Ulff, Johan"]
[Black "Wellevit, Tomas"]
[Result "0-1"]
[TimeControl "15 minutes + 5 seconds per move from move one."]
[WhiteFideId "1733893"]
[BlackFideId "1731963"]
[WhiteElo "2123"]
[BlackElo "1978"]

1. d4 d5 2. Bf4 Nf6 3. e3 e6 4. c4 Bd6 5. Bg5 c6 6. Nc3 Nbd7 7. f4 h6 8. Bh4 Qa5 9. c5 g5 10. Bf2 Be7 11. fxg5 hxg5 12. a3 Ne4 13. b4 Nxc3 14. Qc1 Qc7 15. Qxc3 Rxh2 16. Rxh2 Qxh2 17. Ne2 Qh8 18. Bg3 Nf6 19. Be5 Qh4+ 20. g3 Qh7 21. Bxf6 Bxf6 22. Bg2 Bd7 23. Kd2 Qg7 24. a4 Ke7 25.
b5 cxb5 26. Qa3 Ke8 27. axb5 Bxb5 28. Qb4 Bc6 29. Nc3 Bd8 30.
Nb5 a5 31. Qb2 Kf8 32. Rf1 Bxb5 33. Qxb5 f5 34. Bxd5 exd5 35. Rxf5+ Bf6 36. Qb6 Ra6 37. Qd8+ Kf7 38. Qxd5+ Kg6 39. g4 Qf7 40. Qe4 Kg7 41. Rd5 a4 42. Qf5 Re6 43. e4 Be7 44. e5 Rh6 45. Qxf7+ Kxf7 46. Rd7 b6 47. d5 a3 48. d6 Rh2+ 49. Kc1 a2 50.
Rxe7+ Kf8 51. Ra7 bxc5 52. e6 Re2 53. e7+ Ke8 54. Ra8+ 0-1

[Event "Dalheimers Hus Rapid Open"]
[Site "Dalheimers Hus, Slottsskogsgatan 12, Gothenburg, Sweden"]
[Date "2024.04.14"]
[Round "6.8"]
[White "Johansson, Ulf"]
[Black "Cramling, Pia"]
[Result "0-1"]
[TimeControl "15 minutes + 5 seconds per move from move one."]
[BlackTitle "GM"]
[WhiteFideId "1701380"]
[BlackFideId "1700030"]
[WhiteElo "2083"]
[BlackElo "2377"]

1. e4 c5 2. Nf3 Nc6 3. Bb5 g6 4. O-O Bg7 5. c3 Nf6 6. Re1 O-O 7. d4 d5 8. e5 Ne4 9. Be3 cxd4 10. cxd4 Qb6 11. Bxc6 Qxc6 12.
Nbd2 Bg4 13. Qb3 Nxd2 14. Nxd2 Rfc8 15. Rab1 Bf5 16. Ra1 Bc2 17. Qa3 Bf8 18. b3 e6 19. Qb2 Qc3 20. Nc4 Rxc4 0-1

[Event "Dalheimers Hus Rapid Open"]
[Site "Dalheimers Hus, Slottsskogsgatan 12, Gothenburg, Sweden"]
[Date "2024.04.14"]
[Round "6.9"]
[White "Winsnes, Rikard"]
[Black "Arnelind, Mikael"]
[Result "1-0"]
[TimeControl "15 minutes + 5 seconds per move from move one."]
[WhiteTitle "IM"]
[WhiteFideId "1700430"]
[BlackFideId "1704290"]
[WhiteElo "2352"]
[BlackElo "2153"]

1. e4 e6 2. d4 d5 3. Nd2 Nf6 4.
e5 Nfd7 5. Ngf3 c5 6. c3 Nc6 7. Bd3 b6 8. O-O cxd4 9. cxd4 Nb4 10. Be2 Ba6 11. Bxa6 Nxa6 12. a3 Be7 13. Qe2 Nc7 14.
Re1 O-O 15. Nf1 Rc8 16. Ng3 Re8 17. Nh5 f5 18. exf6 Nxf6 19. Nxf6+ Bxf6 20. Bf4 a6 21. Bxc7 Rxc7 22. Qxa6 Rc4 23. Rad1 Qc7 24. Qb5 Re7 25.
Re2 Qc6 26. Qb3 b5 27. Qe3 h6 28. h3 Kf7 29. Rde1 Qb6 30. b3 Rxd4 31. Kh1 Qa7 32. Nxd4 Bxd4 33. Qf4+ Bf6 34. Qd6 Qd7 35. Qxd7 Rxd7 36. Rxe6 Ra7 37. Rb6 Rxa3 38. Rxb5 d4 39. Rd1 Ra2 40. Kg1 Ke6 41.
g3 Kd6 42. Kf1 Kc6 43. Rb8 Rb2 44. Kg2 Kc5 45. Kf3 Be5 46. Rc8+ Kd5 47. Rd8+ Kc5 48. Ke4 Bf6 49. Rc8+ Kd6 50.
f4 Rxb3 51. Rd3 Rb1 52. g4 Re1+ 53. Kf5 Rf1 54. Rf8 Kd5 55. Rc8 Bg5 56. Kg6 Rxf4 57. Kxg7 Ke4 58. Rd1 Rf3 59. Re8+ Kd5 60. Kg6 Be3 61.
h4 Rh3 62. h5 Kc4 63. Rxe3 dxe3 64. Kxh6 e2 65. Re1 Kd3 66. g5 Kd2 67. Rxe2+ Kxe2 68. g6 Kf3 69. g7 Rg3 70. Kh7 Kf4 71. h6 Kf5 72. g8=Q Rxg8 73. Kxg8 Kg6 74. h7 1-0

[Event "Dalheimers Hus Rapid Open"]
[Site "Dalheimers Hus, Slottsskogsgatan 12, Gothenburg, Sweden"]
[Date "2024.04.14"]
[Round "6.10"]
[White "Gillefalk, Bjorn"]
[Black "Storme, Isak"]
[Result "0-1"]
[TimeControl "15 minutes + 5 seconds per move from move one."]
[BlackTitle "IM"]
[WhiteFideId "1708821"]
[BlackFideId "1728113"]
[WhiteElo "1987"]
[BlackElo "2352"]

1. e4 c5 2. Nf3 e6 3. d4 cxd4 4. Nxd4 a6 5. c4 Qc7 6. Nc3 Nf6 7. Qf3 b6 8. Qg3 d6 9. Bd3 Nbd7 10. O-O Bb7 11. Re1 Be7 12.
Bd2 Ne5 13. b3 g5 14. Rac1 Nh5 15. Qh3 Nf4 16. Bxf4 gxf4 17. Bb1 Bf6 18. Qh5 Ng6 19. Red1 Qc5 20. Qxc5 bxc5 21. Nf3 Ke7 22.
Kf1 h5 23. Ke2 Ne5 24. Nxe5 Bxe5 25. f3 Rhg8 26. Kf1 Bc6 27. Ne2 Rg7 28. Kf2 h4 29. Rg1 Kd7 30. Bd3 Kc7 31. Rcd1 Kb6 32.
Bc2 Ka5 33. Kf1 Kb4 34. g3 Rag8 35. gxh4 Rxg1+ 36. Nxg1 Ka3 37. Rd2 Kxa2 38. Rg2 Rh8 39. Rg4 Kb2 40. Bd1 f5 41. exf5 exf5 42. Rg5 Rxh4 43. h3 Kc1 44.
Be2 Kc2 45. Rxf5 Kxb3 46. Rf8 Rh8 47. Rf7 Ra8 48. Rc7 Be8 49. h4 a5 50. Bd3 a4 51. Ne2 Rb8 0-1

[Event "Dalheimers Hus Rapid Open"]
[Site "Dalheimers Hus, Slottsskogsgatan 12, Gothenburg, Sweden"]
[Date "2024.04.14"]
[Round "6.11"]
[White "Aaberg, Anton"]
[Black "Sjoholm, Emil"]
[Result "1-0"]
[TimeControl "15 minutes + 5 seconds per move from move one."]
[WhiteTitle "IM"]
[WhiteFideId "1701991"]
[BlackFideId "1720449"]
[WhiteElo "2346"]
[BlackElo "2016"]

1. e4 e5 2. Nf3 Nc6 3. d4 exd4 4. Nxd4 Bc5 5. Nb3 Bb6 6. Nc3 Nf6 7. Qe2 O-O 8. Be3 Re8 9. f3 d5 10.
O-O-O Qe7 11. Bg5 dxe4 12. Nd5 Qe5 13. Bxf6 gxf6 14. fxe4 f5 15. Nd2 Nd4 16. Qd3 fxe4 17. Qxe4 Bf5 18.
Qxe5 Rxe5 19. Nxb6 axb6 20. Nc4 Ne2+ 21. Kb1 Re4 22. Bxe2 Rxe2 23. Rd2 Rae8 24. Kc1 Re1+ 25. Rxe1 Rxe1+ 26. Rd1 Re2 27. Rd2 Re1+ 28. Rd1 Rxd1+ 29. Kxd1 Be4 30. g3 f6 31. Kd2 Kf7 32. c3 Bd5 33.
Kd3 b5 34. Nd2 Bxa2 35. b3 c5 36.
Ke4 Ke6 37. g4 c4 38. b4 Bb3 39. Nf3 Bc2+ 40. Kf4 Kd5 41. h4 Be4 42. Nd4 Bd3 43. h5 h6 44. Nf5 Ke6 45. Nxh6 Be2 46. Nf5 Kf7 47. Nd4 Bd3 48. Nxb5 Kg7 49. Nd6 b6 50. Nc8 b5 51. Nd6 1-0

[Event "Dalheimers Hus Rapid Open"]
[Site "Dalheimers Hus, Slottsskogsgatan 12, Gothenburg, Sweden"]
[Date "2024.04.14"]
[Round "7.1"]
[White "Johansson, Linus"]
[Black "Olsson, William"]
[Result "1-0"]
[TimeControl "15 minutes + 5 seconds per move from move one."]
[WhiteTitle "IM"]
[BlackTitle "FM"]
[WhiteFideId "1711113"]
[BlackFideId "1741721"]
[WhiteElo "2427"]
[BlackElo "2159"]

1. d4 d5 2. c4 c6 3.
Nc3 Nf6 4. e3 e6 5. Nf3 Nbd7 6. Bd3 dxc4 7. Bxc4 b5 8.
Bd3 Bb7 9. e4 b4 10. Na4 c5 11.
e5 Nd5 12. O-O cxd4 13. Nxd4 Nxe5 14. Bb5+ Nd7 15. Re1 Be7 16. Nc6 Bxc6 17. Bxc6 Rc8 18. Bb7 Rc7 19. Bxd5 exd5 20. Bf4 Rc4 21. Bd6 Re4 22. Qxd5 Nf6 23. Qc6+ Kf8 24. Rxe4 Bxd6 25.
Ree1 Qb8 26. g3 Kg8 27. Rad1 Bf8 28. Nc5 h5 29. Nd7 Nxd7 30. Qxd7 Rh6 31. Re8 Qb6 32. Qc8 Rf6 33. Rxf8+ Kh7 34. Rh8+ Kg6 35. Qc2+ 1-0

[Event "Dalheimers Hus Rapid Open"]
[Site "Dalheimers Hus, Slottsskogsgatan 12, Gothenburg, Sweden"]
[Date "2024.04.14"]
[Round "7.2"]
[White "Svensson, Bengt"]
[Black "Seo, Jung Min"]
[Result "0-1"]
[TimeControl "15 minutes + 5 seconds per move from move one."]
[WhiteTitle "IM"]
[BlackTitle "IM"]
[WhiteFideId "1700200"]
[BlackFideId "1734687"]
[WhiteElo "2281"]
[BlackElo "2450"]

1. e4 c5 2. Nf3 d6 3.
d4 cxd4 4. Nxd4 Nf6 5. Nc3 a6 6. Bg5 Nbd7 7. Bc4 Qb6 8. Bb3 e6 9. Qd2 Be7 10. O-O-O Nc5 11. Rhe1 O-O 12. f4 h6 13. Bxf6 Bxf6 14. Nf3 Rd8 15. g4 Bd7 16.
g5 hxg5 17. fxg5 Bxc3 18. Qxc3 Rac8 19. Qe3 Bc6 20. Nd2 Nxb3+ 21. axb3 Qxe3 22. Rxe3 Kf8 23. Nc4 Ke7 24. e5 dxe5 25. Rxd8 Rxd8 26. Nxe5 Be8 27.
h4 f6 28. Nd3 e5 29. gxf6+ gxf6 30. Rg3 Bc6 31. Rg7+ Kd6 32. Rf7 Ke6 33. Rh7 Bf3 34. Nc5+ Kf5 35. c3 e4 36. Re7 Rd1+ 37. Kc2 Rh1 38. Kd2 Kf4 39. Ne6+ Kg3 40. Ke3 Re1+ 41. Kd4 b6 42. b4 Rd1+ 43. Kc4 Kxh4 44. Nd4 Kg5 45. Rg7+ Kh5 46. Nxf3 exf3 47.
Kd3 0-1